← All builds
Suicide front / Armada / Factory first / OBSERVED BUILD

Gauntlet defence

Bot Lab first but committing to a Gauntlet by 4:10, much earlier than usual, to anchor the middle with area artillery before the standard timing.

#artillery #defence · 101 distinct matches · 37 players · 5% of Armada Suicide front games · team won 47% of 106 · Recently observed

THE CATCH, AND WHAT COMES WITH IT
  • GauntletEarly defence from 4:10 · 8% of role by thenOnly 8% of Suicide front games have it by then; others who build it get it around 9:13

Where those units first fight, in 101 games with kill data: in the middle 100%.

Those units destroy a typical 1,274 metal of enemy units by 15:00.

Then transitions into rocketeer (17% of army), Rattlesnake (11% of army).

HOW TO PLAY IT

Key timing: Gauntlet by 4:08

  1. Open Bot Lab then grab mexes and wind, get sentries out for early raid.
  2. Keep making sentries and hold middle, denying leaks with cheap bots.
  3. Commit to a Gauntlet to anchor the line with area artillery.
  4. Mix in Rocketeer and Rattlesnake to hold middle rather than push in.
  5. Transition to T2 constructor once the line is stable.

Phase by phase

TYPICAL OF ITS 101 GAMES · AGAINST STANDARD SUICIDE FRONT
  1. 1
  2. 2
  3. 3
PLAY THE OPENING

Follow the example game's first 6:00 step by step: what to build now, what comes next, and where it goes. At 1× it keeps pace with your own game.

  1. 1

    Bot Lab first

    Order
    1. Bot LabBot Lab done ~0:20, middle half 0:20–0:33

    Some games also: mex (42%)

  2. 2

    Bot Lab to Early defence

    Economy
    • Metal Extractor5Mex
    • Wind Turbine4Wind
    Order
    1. GauntletEarly defence after 5 mex, 4 winddone ~5:29, middle half 4:42–5:56
    Builders
    • Construction Bot3 Con bot
    • Lazarus2 Lazarus
    Army
    • Sentry3 Sentry
    • Beamer1 Beamer
    • Rocketeer9 Rocketeer −4 vs standard
    • Tick1 Tick
    • Centurion1 Centurion
    Other
    • Radar Tower1 Radar Tower

    Some games also: con turret (35%) · Dragon's Teeth (34%)

    By 4:09 in all: 5 mex · 4 wind

    The example game in this phase · 21 steps
    1. TickTick ×2
    2. Construction BotCon bot
    3. LazarusLazarus
    4. PawnPawn
    5. Mex
    6. PawnPawn ×2
    7. BeamerBeamerfor Pond
    8. Construction BotCon bot
    9. BeamerBeamerfor Geo
    10. Mex
    11. Radar TowerRadar Tower
    12. LazarusLazarus
    13. Mex
    14. PawnPawn
    15. BeamerBeamer
    16. Dragon's TeethDragon's Teeth ×2
    17. PawnPawn
    18. Dragon's TeethDragon's Teeth
    19. Mex
    20. PawnPawn
    21. GauntletGauntletdone 3:56 · typical 5:29
  3. 3

    Early defence to 10:00

    Economy
    • Metal Extractor1Mex
    • Wind Turbine16Wind
    • Energy Storage1Energy storage
    Builders
    • Construction Turret3 Con turret
    • Lazarus1 Lazarus
    Army
    • Rocketeer3 Rocketeer −10 vs standard
    Other
    • Dragon's Teeth5 Dragon's Teeth +5 vs standard
    • Radar Tower1 Radar Tower

    Some games also: Sentry (50%) · Beamer (49%) · con bot (48%) · tick (41%) · Gauntlet (41%)

    The standard build makes here, this one skips: 2 con bot · 2 Sentry

    By 10:00 in all: 6 mex · 23 wind · 1 energy storage · 4 con turret

    The example game in this phase · 111 steps
    1. Construction BotCon bot
    2. Wind
    3. LazarusLazarus
    4. Wind
    5. CenturionCenturion
    6. Wind
    7. TickTick ×4
    8. Sneaky PeteSneaky Petefor Geo
    9. Wind
    10. TickTick ×4
    11. Wind
    12. TickTick
    13. CrossbowCrossbow ×2
    14. Con turret
    15. Wind
    16. TickTick ×4
    17. Wind
    18. TickTick
    19. GauntletGauntlet
    20. TickTick
    21. Con turret
    22. TickTick
    23. Dragon's TeethDragon's Teeth
    24. Wind
    25. Dragon's TeethDragon's Teeth ×2
    26. TickTick
    27. Dragon's TeethDragon's Teeth ×2
    28. TickTick
    29. Dragon's TeethDragon's Teeth ×2
    30. TickTick
    31. Con turret
    32. SentrySentry
    33. TickTick ×4
    34. BeamerBeamer
    35. TickTick ×3
    36. LazarusLazarus
    37. BeamerBeamer
    38. LazarusLazarus ×2
    39. TickTick ×2
    40. Con turret
    41. Advanced solar
    42. Con turret
    43. TickTick ×3
    44. Wind
    45. Con turret
    46. TickTick
    47. SentrySentry
    48. Advanced solar
    49. TickTick
    50. Wind ×2
    51. Mex
    52. TickTick ×4
    53. Wind ×2
    54. Advanced solar
    55. TickTick
    56. Wind
    57. TickTick
    58. Advanced Metal ExtractorT2 mexdone 9:08 · typical 9:41
    59. Sneaky PeteSneaky Petefor Geo
    60. Advanced Metal ExtractorT2 mex
    61. Wind ×2
    62. Advanced Metal ExtractorT2 mex
    63. Energy storage
    64. Wind ×6
    65. Bot LabBot Labdone 9:54
    66. Wind ×2
    67. Advanced Metal ExtractorT2 mex
    68. Wind
    69. TickTick ×22
    70. Advanced Metal ExtractorT2 mex
    71. TickTick ×13
    72. Con turret
    73. Fusion ReactorFusiondone 11:57
    74. TickTick ×6
    75. Con turret
    76. TickTick ×4
    77. Con turret
    78. TickTick ×4
    79. Con turret
    80. TickTick ×17
    81. Experimental GantryExperimental Gantrydone 14:27
    82. TickTick ×15
    83. BeamerBeamer
    84. TickTick ×5
    85. LazarusLazarus
    86. Converter
    87. LazarusLazarus
    88. TickTick ×5
    89. Fortification WallFortification Wall
    90. TickTick
    91. BeamerBeamer
    92. TickTick ×2
    93. Converter
    94. Fortification WallFortification Wall ×3
    95. TickTick
    96. BeamerBeamer
    97. Fortification WallFortification Wall
    98. TickTick ×11
    99. LazarusLazarus
    100. Converter
    101. BeamerBeamer
    102. LazarusLazarus
    103. TickTick
    104. MarauderMarauderdone 14:46
    105. TickTick ×3
    106. Converter
    107. TickTick ×7
    108. MarauderMarauder
    109. TickTick ×6
    110. Converter
    111. TickTick ×3

Counts are medians over the build's games: half of them build more, half fewer. The example game is _Hawkey_'s (59 OS, 20/09/2026); pick another.

Team trades

IN AT LEAST 30% OF ITS GAMES

You hand over

Nothing regular.

You get

  • Tidal Generator4 Tidal from Pondfirst at 0:11 · in 73% of games
  • Advanced Construction Bot1 T2 con bot from Geo or Techfirst at 7:47 · in 68% of games

How it plays out

Typical game of this build against the role’s standard build, running totals by minute

  • This build
  • Standard suicide front

Metal produced

010k20k30k
0:005:0010:0015:00

metal

Enemy metal destroyed

05k10k
0:005:0010:0015:00

metal

Own metal lost

05k10k
0:005:0010:0015:00

metal

106 games.

Show as table
ByMetal produced: This buildMetal produced: Standard suicide frontEnemy metal destroyed: This buildEnemy metal destroyed: Standard suicide frontOwn metal lost: This buildOwn metal lost: Standard suicide front
1:002302260000
2:008848890000
3:002002205613517299106
4:0031883161475660335486
5:004375423688714138501020
6:00549554301332232713091785
7:00661266612197317921762732
8:00782679102835403527573631
9:00915692983644481631844516
10:0010897106884408542640755336
11:0012430122414807589850866080
12:0014297140245797651758286842
13:0016519160426680701369187523
14:0018776179696968768076848336
15:0020948202977865830288359228
WHAT THE NUMBERS SAY

Won less often than the standard build and destroyed less enemy metal despite similar production, a defensive line that trades tempo for metal saved.

  • + Own metal lost by 15:00 lower (8980 vs 9208)
  • + Metal produced by 15:00 slightly ahead (20254 vs 19882)
  • − Team win rate well below standard (46% vs 58%)
  • − Enemy metal destroyed by 15:00 much lower (7767 vs 8172)
THE EXAMPLE YOU ARE READING

_Hawkey_

59.2 OS · 20/09/2026

Open source match ↗

9 received units · includes a constructor
213 metal received · 55246 energy received

Allied construction assistance is unknown. Timings are observations, not a promise of solo reproducibility.

Typical milestones

Bot Lab0:20Middle 50%: 0:20–0:33 · n=106
Gauntlet5:29Middle 50%: 4:42–5:56 · n=96
Advanced Metal Extractor9:41Middle 50%: 8:46–10:57 · n=80

Played most by

_X_26games of this buildImmort7games of this buildManBearPig_7games of this buildTrapCaT7games of this buildSoliloqueur6games of this build